 Dungeon Crawl Stone Soup version 0.19.5 (webtiles) character file.

39 Santreim the Conjurer (level 3, -1/28 HPs)
             Began as a Deep Elf Conjurer on Mar 7, 2017.
             Slain by Robin
             ... wielding a +0 dagger
              (2 damage)
             ... on level 2 of the Dungeon.
             The game lasted 00:08:03 (1598 turns).

Santreim the Conjurer (Deep Elf Conjurer)           Turns: 1598, Time: 00:08:04

Health: -1/28      AC: 21    Str:  5    XL:     3   Next: 26%
Magic:  3/10       EV:  2    Int: 20    God:
Gold:   12         SH:  0    Dex: 20    Spells: 2 memorised, 6 levels left

rFire  . . .     SeeInvis .     (no weapon)
rCold  + . .     Gourm    .     (armour currently unavailable)
rNeg   + + +     Faith    .     (no shield)
rPois  +         Spirit   .     (helmet currently unavailable)
rElec  .         Reflect  .     (cloak currently unavailable)
rCorr  .         Harm     .     (gloves currently unavailable)
MR     .....     NoTele   +     (boots currently unavailable)
Stlth  +++.......               (no amulet)
                                (no ring)
                                g - ring of protection from cold

@: agile, tree-form, starving
A: no striking features
a: no special abilities


You were on level 2 of the Dungeon.
You were starving.
You were a tree.
You visited 1 branch of the dungeon, and saw 2 of its levels.

You collected 12 gold pieces.

Inventory:

Armour
 a - a +0 robe
 e - a +0 robe (melded)
Jewellery
 g - a ring of protection from cold (left branch)
Scrolls
 f - a scroll of enchant armour {unknown}
Potions
 d - a potion of agility
Books
 b - a book of Conjurations

   Spells                             Type                      Level
   a - Magic Dart                     Conjuration                  1
   b - Searing Ray                    Conjuration                  2
   c - Dazzling Spray                 Conjuration/Hexes            3
   d - Fulminant Prism                Conjuration/Hexes            4
   e - Iskenderun's Mystic Blast      Conjuration                  4
   f - Iskenderun's Battlesphere      Conjuration/Charms           5
Comestibles
 c - 2 bread rations


   Skills:
 + Level 2.6 Dodging
 + Level 2.6 Stealth
 + Level 3.7 Spellcasting
 + Level 5.1 Conjurations


You had 6 spell levels left.
You knew the following spells:

 Your Spells              Type           Power        Failure   Level  Hunger
a - Magic Dart            Conj           ###.         1%          1    None
b - Searing Ray           Conj           ###...       2%          2    ##.....


Dungeon Overview and Level Annotations

Branches:
Dungeon (2/15)

Altars:

Annotations:
D:2 Robin


Message History

Robin hits you but does no damage.
It was a potion of lignification.
You turn into a tree.
Your +0 robe melds into your body.
Your roots penetrate the ground.
Robin hits you but does no damage.
There are monsters nearby!
Robin hits you but does no damage. Robin hits you but does no damage.
Robin hits you but does no damage. Robin hits you but does no damage.
Robin hits you but does no damage. Robin hits you but does no damage.
Robin hits you but does no damage. Robin hits you but does no damage.
Robin hits you but does no damage.
You are starving!
Robin hits you but does no damage. Robin hits you with a dagger.
* * * LOW HITPOINT WARNING * * *
Robin hits you with a dagger.
You die...

#.# #.##.##.# #.#
#####.##.##.# ##.###
#..........<# .....#####
#.##.....####
##.#.#...####.##.##.##### #..
##.#.#....K.K....##.#... ...
##.......####.#####)#.####....
####.##### #.#####......#...
####.# #.Kg♣).)#.##.... ..K..#
#######.#g##.# . # ######
#.#g...##.... #†#g......#
#)##.#.#### #......# ####.###
#.# #.#


You could see Robin and a kobold.

Vanquished Creatures
  A dart slug (D:1)
  A bat (D:1)
  3 giant cockroaches (D:1)
  10 goblins
  6 hobgoblins
  4 jackals (D:1)
  3 frilled lizards (D:1)
  A kobold (D:1)
  4 rats (D:1)
33 creatures vanquished.

Notes
Turn   | Place    | Note
-------+----------+-------------------------------------------
     0 | D:1      | Santreim the Deep Elf Conjurer began the quest for the Orb.
     0 | D:1      | Reached XP level 1. HP: 10/10 MP: 6/6
   324 | D:1      | Reached XP level 2. HP: 15/15 MP: 4/8
   333 | D:1      | Learned a level 2 spell: Searing Ray
   694 | D:1      | Reached skill level 5 in Conjurations
  1465 | D:2      | Noticed Robin
  1467 | D:2      | Reached XP level 3. HP: 17/19 MP: 6/10
  1597 | D:2      | HP: 1/28 [Robin/dagger (3)]
  1598 | D:2      | Slain by Robin

Skill      XL: |  1  2 |
---------------+-------+-----
Conjurations   | 5 |  5.1
Dodging        | |  2.6
Stealth        | |  2.6
Spellcasting   | |  3.7

Action                   || total
-------------------------++-------
Melee: Unarmed           ||    25
 Cast: Magic Dart        ||    67
       Searing Ray       ||     4
  Use: Scroll            ||     2
       Potion            ||     2
Armor: Robe              ||    15
       Skin              ||    11
Dodge: Dodged            ||    47
